 Dungeon Crawl Stone Soup version 0.30.1-11-g7821555f0a (webtiles) character file.

Game seed: 17581034345620394288

12630 Ijustatesigmund the Geomancer (level 11, -9/66 HPs)
             Began as a Gargoyle Earth Elementalist on Nov 28, 2023.
             Was an Elder of Cheibriados.
             Shot with an arrow by a centaur warrior (18 damage)
             ... on level 14 of the Dungeon on Nov 29, 2023.
             The game lasted 00:33:18 (14840 turns).

Ijustatesigmund the Geomancer (GrEE)               Turns: 14840, Time: 00:33:19

Health: -9/66      AC: 15    Str: 22    XL:     11   Next: 96%
Magic:  22/22      EV: 12    Int: 39    God:    Cheibriados [****..]
Gold:   660        SH:  5    Dex: 20    Spells: 18/25 levels left

rFire   . . .        J - +2 dire flail (venom)
rCold   . . .        (shield currently unavailable)
rNeg    + + .        a - +0 robe {Will+}
rPois   ∞            y - +0 helmet
rElec   +            u - scarf {repulsion}
rCorr   .            c - +1 pair of gloves
SInv    .            h - +1 pair of boots
Will    ++...        w - amulet of reflection
Stlth   ++           r - +6 ring of intelligence
HPRegen 0.31/turn    F - ring of Naclups {rN+ Will+ Int+3}
MPRegen 0.18/turn

%: repel missiles, reflection
@: very slow
A: sickness immunity, AC +8, negative energy resistance 1, electricity
resistance, torment resistance 1, petrification resistance
a: Renounce Religion, Bend Time, Temporal Distortion, Slouch


You were on level 14 of the Dungeon.
You worshipped Cheibriados.
Cheibriados was greatly pleased with you.
You visited 2 branches of the dungeon, and saw 14 of its levels.

You collected 660 gold pieces.

Inventory:

Hand Weapons
 b - a +1 flail
 f - a +5 mace of draining
 J - a +2 dire flail of venom (weapon)
Armour
 a - a +0 robe of willpower (worn)
 c - a +1 pair of gloves (worn)
 h - a +1 pair of boots (worn)
 u - a scarf of repulsion (worn)
 y - a +0 helmet (worn)
Jewellery
 q - the amulet of Elemental Vulnerability {rPois rF-- rC-- AC+8}
   (You took it off a gnoll on level 8 of the Dungeon)

   [amulet of nothing]

   AC:        It affects your AC (+8).
   rF:        It makes you very vulnerable to fire.
   rC:        It makes you very vulnerable to cold.
   rPois:     It protects you from poison.
 r - a +6 ring of intelligence (left hand)
 w - an amulet of reflection (around neck)
 F - the ring of Naclups (right hand) {rN+ Will+ Int+3}
   (You found it on level 9 of the Dungeon)

   [ring of willpower]

   Int:       It affects your intelligence (+3).
   rN:        It protects you from negative energy.
   Will:      It increases your willpower.
 K - a ring of protection from fire
Wands
 e - a wand of polymorph (15)
 j - a wand of charming (5)
 z - a wand of iceblast (1)
 C - a wand of flame (5)
 D - a wand of acid (9)
Scrolls
 d - 2 scrolls of enchant weapon
 o - a scroll of poison
 p - a scroll of amnesia
 s - 2 scrolls of fog
 t - a scroll of blinking
 B - 4 scrolls of fear
 I - 2 scrolls of teleportation
Potions
 g - 2 potions of heal wounds
 i - 3 potions of berserk rage
 k - a potion of attraction
 l - 4 potions of curing
 m - a potion of haste
 n - 2 potions of resistance
 v - 2 potions of lignification {unknown}
 x - 2 potions of degeneration {unknown}
 A - a potion of brilliance
 E - 2 potions of might
 G - a potion of invisibility {unknown}


   Skills:
 + Level 6.6 Fighting
 - Level 5.8 Maces & Flails
 - Level 1.5 Dodging
 - Level 2.1 Stealth
 + Level 7.5 Spellcasting
 + Level 9.1 Conjurations
 - Level 0.7 Transmutations
 - Level 2.4 Air Magic
 + Level 10.3 Earth Magic
 - Level 3.0 Poison Magic
 + Level 6.8 Invocations
 - Level 4.1 Evocations


You had 18 spell levels left.
You knew the following spells:

 Your Spells              Type           Power      Damage    Failure   Level
a - Sandblast             Erth           100%       2d20      1%          1
b - Stone Arrow           Conj/Erth      100%       3d13      1%          3
c - Mephitic Cloud        Conj/Pois/Air  52%        N/A       1%          3

Your spell library contained the following spells:

 Spells                   Type           Power      Damage    Failure   Level
 Magic Dart               Conj           100%       1d8       1%          1
 Passwall                 Tmut/Erth      45%        N/A       1%          2
 Petrify                  Tmut/Erth      55%        N/A       2%          4
 Call Imp                 Summ           28%        N/A       3%          2
 Olgreb's Toxic Radiance  Pois           38%        N/A       7%          4
 Discord                  Hex            7%         N/A       100%        8
 Ignition                 Fire           7%         3d4       100%        8


Dungeon Overview and Level Annotations

Branches:
Dungeon (14/15)            Temple (1/1) D:5            Lair (0/5) D:10
    Orc (0/2) D:9
 Vaults: D:13-14

Altars:
Ashenzari
Cheibriados
Dithmenos
Elyvilon
Fedhas
Gozag
Hepliaklqana
Kikubaaqudgha
Makhleb
Nemelex Xobeh
Okawaru
Qazlal
Ru
Sif Muna
Trog
Uskayaw
Vehumet
Wu Jian
Xom
Yredelemnul
Zin
The Shining One

Shops:
D:5 [   D:7 *


Innate Abilities, Weirdness & Mutations

You are immune to sickness and miasma.
Your stone body is resilient. (AC +8)
You are immune to poison.
You resist negative energy. (rN+)
You are resistant to electric shocks. (rElec)
You are resistant to unholy torment.
You are immune to petrification.


Message History

Your centaur warrior hits the yaktaur.
The yaktaur dies!
Cheibriados thoroughly appreciates the change of pace.
Cheibriados raises the support of your attributes as your movement slows.
Your cyclops throws a large rock.
The large rock barely misses the yaktaur.
A yaktaur comes into view.
The yaktaur shoots a bolt.
The bolt closely misses you.
The yaktaur unwields a +0 arbalest.
The yaktaur hits your troll.
Your troll bites the yaktaur.
Your troll claws the yaktaur. x2
A cane toad comes into view.
An arrow appears from out of your range of vision.
The arrow hits your cyclops.
The yaktaur shoots a bolt.
The bolt hits your cyclops!
Your troll bites the yaktaur!
Your troll completely misses the yaktaur.
Your troll claws the yaktaur!
The yaktaur wields a +0 arbalest.
The yaktaur shoots a bolt.
The bolt hits your troll!!
An arrow appears from out of your range of vision.
The arrow hits your cyclops!
The yaktaur wields a +0 arbalest.
The yaktaur shoots a bolt.
The bolt hits your cyclops!!
Your cyclops dies!
Your cyclops's corpse dissolves into shadows!
Your troll barely misses the yaktaur.
Your troll claws the yaktaur.
Your troll claws the yaktaur!
The yaktaur dies!
Cheibriados appreciates the change of pace.
The yaktaur shoots a bolt.
The bolt completely misses you.
Your troll bites the yaktaur.
Your troll claws the yaktaur.
Your troll claws the yaktaur!
A centaur warrior comes into view. It is wielding a +0 longbow.
The cane toad stings your troll.
Your centaur warrior hits the yaktaur.
Your centaur warrior kicks the yaktaur but does no damage.
The yaktaur shoots a bolt.
The bolt hits you!!
* * * LOW HITPOINT WARNING * * *
The yaktaur shoots a bolt.
The bolt hits you.
* * * LOW HITPOINT WARNING * * *
Your troll bites the yaktaur.
Your troll claws the yaktaur!
Your troll claws the yaktaur.
The centaur warrior shoots an arrow.
The arrow hits you!!
You die...

### [..# ##...#
...... #.... ...
######.# .####
#....@.#
..(..##....[.#
#....#......#
#>.........#
##.#Tc.....#
#.F#c.....#
.....cc.....#
........c......#
#.c.>.#.........


You could see a centaur warrior, 3 yaktaurs, a cane toad, a friendly centaur
warrior (summoned) and a friendly troll (summoned).

Vanquished Creatures
  A centaur warrior (D:11)
  2 two-headed ogres
  An ugly thing (D:12)
  Maurice (D:10)
  A gargoyle (D:12)
  An unseen horror (D:10)
  4 kobold demonologists (D:12)
  A troll (D:12)
  Sigmund (D:2)
  5 wraiths
  9 yaks
  2 wyverns
  A steam dragon (D:7)
  A warg (D:9)
  A water moccasin (D:5)
  Duvessa (D:5)
  An acid dragon (D:9)
  9 orc warriors
  A swamp drake (D:5)
  2 ogres
  2 black bears
  An ice beast (D:6)
  6 centaurs
  3 kobold brigands
  8 bullfrogs
  A gnoll sergeant (D:8)
  3 scorpions
  3 wights (D:8)
  9 killer bees
  5 howler monkeys
  A crimson imp (D:7)
  5 hounds
  2 jellies
  5 orc priests
  A gnoll bouda (D:4)
  2 sleepcaps
  Jessica (D:2)
  Terence (D:2)
  Natasha (D:4)
  3 iguanas
  10 orc wizards
  12 gnolls
  8 adders
  A white imp (D:6)
  2 worms (D:4)
  A dart slug (D:2)
  31 orcs
  10 ball pythons
  8 endoplasms
  3 giant cockroaches
  8 goblins
  5 hobgoblins
  2 jackals (D:2)
  22 kobolds
  A quokka (D:4)
  6 bats
  5 frilled lizards
  5 rats
249 creatures vanquished.

Vanquished Creatures (collateral kills)
  2 yaktaurs (D:14)
  A killer bee (D:9)
  An adder (D:4)
4 creatures vanquished.

Grand Total: 253 creatures vanquished

Notes
Turn   | Place    | Note
-------+----------+-------------------------------------------
     0 | D:1      | Ijustatesigmund the Gargoyle Earth Elementalist began the
                  | quest for the Orb.
     0 | D:1      | Reached XP level 1. HP: 10/10 MP: 3/3
   281 | D:1      | Reached XP level 2. HP: 16/16 MP: 3/5
   374 | D:1      | Reached skill level 1 in Fighting
   496 | D:1      | Found a faded altar of an unknown god.
   502 | D:1      | Reached skill level 4 in Earth Magic
   930 | D:1      | Reached XP level 3. HP: 20/20 MP: 3/6
  1168 | D:2      | Noticed Jessica
  1172 | D:2      | Killed Jessica
  1173 | D:2      | Reached XP level 4. HP: 25/26 MP: 4/8
  1292 | D:2      | Learned a level 3 spell: Stone Arrow
  1460 | D:2      | Noticed Sigmund
  1469 | D:2      | Killed Sigmund
  1470 | D:2      | Reached skill level 1 in Maces & Flails
  1470 | D:2      | Reached skill level 5 in Earth Magic
  1470 | D:2      | Reached XP level 5. HP: 22/31 MP: 2/10
  1470 | D:2      | Reached XP level 6. HP: 26/36 MP: 2/11
  1681 | D:2      | Noticed Terence
  1706 | D:2      | Killed Terence
  2981 | D:4      | Reached XP level 7. HP: 40/40 MP: 9/12
  3114 | D:4      | Found a shadowy altar of Dithmenos.
  3517 | D:4      | Noticed Natasha
  3522 | D:4      | Killed Natasha
  3686 | D:4      | Reached skill level 6 in Earth Magic
  4059 | D:5      | Entered Level 5 of the Dungeon
  4164 | D:5      | Reached skill level 5 in Conjurations
  4164 | D:5      | Reached XP level 8. HP: 13/45 MP: 3/14
  4356 | D:5      | Found a staircase to the Ecumenical Temple.
  4405 | Temple   | Entered the Ecumenical Temple
  4772 | Temple   | Became a worshipper of Cheibriados the Contemplative
  4870 | D:5      | Found Ulasun's Armour Boutique.
  4889 | D:5      | Reached skill level 1 in Invocations
  4986 | D:5      | Noticed Duvessa
  4987 | D:5      | Noticed Dowan
  4994 | D:5      | Killed Duvessa
  4995 | D:5      | Dowan changed into Dowan the bullfrog
  4995 | D:5      | Noticed Dowan
  4998 | D:5      | Killed Dowan the bullfrog
  5086 | D:5      | Reached skill level 7 in Earth Magic
  5206 | D:5      | Reached skill level 5 in Spellcasting
  5712 | D:6      | Found an iron altar of Okawaru.
  5891 | D:6      | Reached * piety under Cheibriados
  5892 | D:6      | Reached XP level 9. HP: 52/52 MP: 6/16
  5968 | D:6      | Found an ornate altar of the Wu Jian Council.
  6173 | D:6      | Found a sparkling altar of Nemelex Xobeh.
  6208 | D:6      | Found a glowing golden altar of the Shining One.
  6833 | D:7      | Found Akkueska's Overcharged Wands.
  7609 | D:7      | Found a burning altar of Makhleb.
  7709 | D:7      | Reached ** piety under Cheibriados
  7711 | D:7      | Reached skill level 8 in Earth Magic
  7938 | D:7      | Found a white marble altar of Elyvilon.
  8289 | D:7      | Found a shimmering blue altar of Sif Muna.
  8310 | D:7      | Reached skill level 5 in Fighting
  8731 | D:8      | Learned a level 3 spell: Mephitic Cloud
  8953 | D:8      | Found a hide-covered altar of Uskayaw.
  8970 | D:8      | Reached skill level 1 in Poison Magic
  9026 | D:8      | Reached XP level 10. HP: 59/59 MP: 15/19
  9158 | D:8      | Reached skill level 1 in Air Magic
  9939 | D:9      | Reached *** piety under Cheibriados
 10006 | D:9      | Found a staircase to the Orcish Mines.
 10068 | D:9      | Reached skill level 5 in Invocations
 10220 | D:9      | Found an opulent altar of Gozag.
 10299 | D:9      | Reached skill level 9 in Earth Magic
 10940 | D:9      | Identified the ring of Naclups {rN+ Will+ Int+3}
 11077 | D:9      | Reached **** piety under Cheibriados
 11078 | D:9      | Noticed a skeletal warrior
 11237 | D:10     | Entered Level 10 of the Dungeon
 11244 | D:10     | Reached skill level 1 in Evocations
 11757 | D:9      | Reached XP level 11. HP: 21/63 MP: 3/21
 11903 | D:10     | Reached skill level 5 in Maces & Flails
 12090 | D:10     | Found a staircase to the Lair.
 12384 | D:10     | Noticed Maurice
 12388 | D:10     | Killed Maurice
 13454 | D:11     | Noticed a two-headed ogre
 13460 | D:11     | Killed a two-headed ogre
 13607 | D:11     | Noticed a centaur warrior
 13612 | D:11     | Killed a centaur warrior
 14166 | D:12     | Noticed a green ugly thing
 14179 | D:12     | Killed a green ugly thing
 14416 | D:12     | Noticed a two-headed ogre
 14438 | D:12     | Reached skill level 10 in Earth Magic
 14440 | D:12     | Killed a two-headed ogre
 14824 | D:12     | You fall into a shaft and drop 2 floors!
 14840 | D:14     | Noticed a centaur warrior
 14840 | D:14     | Shot with an arrow by a centaur warrior

Illustrated notes

Levels and vault maps discovered:
D:1:      nicolae_arrival_memento_mori, layout_loops_corners,
          ebering_ecumenical_altar_petrified,
          hangedman_abyss_or_decor_lesser_grid, minivault_24
D:2:      layout_rooms, dk_vineyard_3, uniq_sigmund, uniq_terence, uniq_jessica
D:3:      layout_rooms, due_unseen_surprise
D:4:      layout_basic, old_standard_altar, st_stairs_4, uniq_natasha
D:5:      layout_gridville, minmay_temple_entry_waves, serial_shops,
          nicolae_shop_waterfront, kennysheep_generic_room_10, uniq_duvessa
D:6:      layout_gridville, tso_metal_star, kennysheep_okawaru_gauntlet,
          nzn_wu_jian_council_hall, mainiacjoe_overflow_boulevard
D:7:      layout_basic, tgw_sif, makhleb_grotto_becter,
          mainiacjoe_overflow_24_doors, minmay_misc_feat_rugged,
          nicolae_shop_overcharged_wands
D:8:      layout_basic, nicolae_uskayaw_murder_on_the_dancefloor
D:9:      layout_gridville, mainiacjoe_overflow_catwalk, david_orc_1_choice,
          minmay_guarded_unrand_finisher
D:10:     layout_basic, due_lair_maze_entry_diamond, uniq_maurice
D:11:     layout_irregular_city
D:12:     layout_irregular_city, uniq_urug, uniq_rupert
D:14:     layout_rooms, david_vaults_2, good_gods_mini_temple
Temple:   hc_temple_tempest_star

Skill      XL: |  1  2  3  4  5  6  7  8  9 10 11 |
---------------+----------------------------------+-----
Fighting       | 1 2 3 5 6 |  6.6
Earth Magic    | 4 5 6 7 8 9 10 | 10.3
Spellcasting   | 3 4 5 6 7 |  7.5
Maces & Flails | 1 2 3 4 5 |  5.8
Conjurations   | 2 3 5 6 7 8 9 |  9.1
Invocations    | 2 4 5 6 |  6.8
Poison Magic   | 1 3 |  3.0
Air Magic      | 2 |  2.4
Evocations     | 2 4 |  4.1
Dodging        | |  1.5
Stealth        | |  2.1
Transmutations | |  0.7

Action                     |  1- 3 |  4- 6 |  7- 9 | 10-12 || total
---------------------------+-------+-------+-------+-------++-------
  Melee: Unarmed           |     2 |       |       |       ||     2
         Flail             |       |    10 |    17 |       ||    27
         Dire flail        |       |       |    76 |    45 ||   121
         Mace              |       |       |       |    61 ||    61
         Punch             |       |       |       |     1 ||     1
   Cast: Sandblast         |    34 |    64 |    73 |     4 ||   175
         Stone Arrow       |       |     3 |    99 |   124 ||   226
         Mephitic Cloud    |       |       |       |    20 ||    20
 Invoke: Slouch            |       |       |       |     2 ||     2
  Evoke: Wand              |       |       |     3 |     5 ||     8
    Use: Scroll            |       |     9 |     3 |    12 ||    24
         Potion            |       |     2 |     2 |       ||     4
   Stab: Confused          |       |       |     1 |     4 ||     5
 Armour: Robe              |     4 |    19 |    92 |    97 ||   212
  Dodge: Dodged            |     7 |    33 |    87 |   148 ||   275
         Repelled          |       |       |       |     2 ||     2
  Block: Other             |       |       |       |    46 ||    46
         Reflection        |       |       |       |     1 ||     1
